AoeStats
← bert1028

Arabia

507236660Analyzed
1v1 RM · 16d ago on Sep 17, 2026· 45m 22s· 2 players
Game mode
Random Map
Map size
Tiny (2 player)
Population
200
Speed
Normal
Resources
Standard
Victory
Conquest
Starting age
Dark Age
Ending age
Imperial Age
RankedLock teamsTeams togetherTeam positionsShared explorationLock speedFull tech treeHidden civsTurbo modeCheats
Victory
Defeat
🇹🇼 Ethiopians · Taiwan
1160
+18
🇳🇿 Magyars · New Zealand
1210
-18
bert1028
7:52 Loom
9:54 Feudal Age
14:39 Double-Bit Axe
18:31 Fletching
18:56 Horse Collar
22:35 Castle Age
22:43 Crossbowman
23:21 Bodkin Arrow
25:42 Ballistics
32:03 Imperial Age
33:54 Chemistry
34:25 Bracer
40:31 Arbalester
42:29 Gold Mining
46:02 Thumb Ring
Boar_Hunter_Victim
6:26 Loom
9:05 Feudal Age
16:04 Horse Collar
19:32 Castle Age
17:46 Gold Mining
18:00 Fletching
19:11 Padded Archer Armor
19:35 Scale Barding Armor
19:51 Bloodlines
19:51 Double-Bit Axe
21:28 Bow Saw
22:07 Husbandry
23:44 Stone Mining
27:30 Gold Shaft Mining
31:34 Heavy Plow
35:08 Wheelbarrow
35:49 Elite Skirmisher
37:14 Chain Barding Armor
37:21 Bodkin Arrow
43:22 Imperial Age
45:50 Plate Barding Armor
Connection lost

Rejoining the realm…

Still unreachable

The connection could not be restored.

Session expired

The server has moved on; the page needs a fresh start.